 Dungeon Crawl Stone Soup version 0.28.0-49-g6dfe1f597d (webtiles) character file.

Game seed: 9693793219243622434

45 nickcage the Slasher (level 3, 0/29 HPs)
             Began as a Demonspawn Abyssal Knight on May 11, 2022.
             Was a Follower of Lugonu.
             Slain by a ball python (2 damage)
             ... on level 3 of the Dungeon.
             The game lasted 00:02:41 (1469 turns).

nickcage the Slasher (Demonspawn Abyssal Knight)    Turns: 1469, Time: 00:02:42

Health: 0/29       AC:  3    Str: 15    XL:     3   Next: 42%
Magic:  5/5        EV:  8    Int: 11    God:    Lugonu [*.....]
Gold:   83         SH:  5    Dex: 13    Spells: 2/2 levels left

rFire   . . .      SeeInvis .   a - +1 falchion
rCold   . . .      Faith    .   (no shield)
rNeg    . . .      Spirit   .   b - +0 leather armour
rPois   .          Reflect  +   (no helmet)
rElec   .          Harm     .   (no cloak)
rCorr   .          Rampage  .   (no gloves)
Will    .....                   (no boots)
Stlth   +.........              j - amulet of reflection
HPRegen 0.09/turn               (no ring)
MPRegen 0.09/turn               (no ring)

@: constricted
A: powered by death 1, demonic touch 1
a: Renounce Religion, Depart the Abyss


You were on level 3 of the Dungeon.
You worshipped Lugonu.
Lugonu was aware of your devotion.
You visited 1 branch of the dungeon, and saw 3 of its levels.
You visited the Abyss 1 time.

You collected 83 gold pieces.

Inventory:

Hand Weapons
 a - a +1 falchion (weapon)
Armour
 b - a +0 leather armour (worn)
Jewellery
 j - an amulet of reflection (around neck)
Scrolls
 c - a scroll of enchant weapon {unknown}
 d - a scroll of holy word {unknown}
 e - 2 scrolls of identify {unknown}
 g - 2 scrolls of magic mapping {unknown}
 i - a scroll of immolation {unknown}
Potions
 f - a potion of resistance {unknown}
 h - a potion of might {unknown}


   Skills:
 - Level 3.0 Fighting
 + Level 3.3 Long Blades
 - Level 1.7 Armour
 - Level 0.8 Dodging
 - Level 3.0 Invocations


You had 2 spell levels left.
You didn't know any spells.
Your spell library contained the following spells:

 Spells                   Type           Power      Damage    Failure   Level
 Dazzling Flash           Conj/Hex       0%         N/A       78%         3
 Agony                    Necr           0%         N/A       100%        5
 Silence                  Hex/Air        0%         N/A       100%        5


Dungeon Overview and Level Annotations

Branches:
Dungeon (3/15)

Altars:

Annotations:
D:3 Grinder


Innate Abilities, Weirdness & Mutations

You regenerate a little health from kills.
Your touch may inflict minor irresistible damage on your foes.


Message History

The slug dart hits you. You block the bat's attack.
The dart slug launches a dart at you. The slug dart misses you.
The bat hits you but does no damage.
You climb upwards.
There is a stone staircase leading down here.
You slash the bat!
You kill the bat!
Lugonu accepts your kill.
There is a stone staircase leading down here.
You climb downwards.
Grinder shouts!
Grinder gestures at you.
You suddenly lose the ability to move!
Found a golden potion.
The ball python hisses angrily.
The ball python bites you but does no damage.
The ball python grabs you. The ball python constricts you. Grinder hits you.
You writhe in agony.
The ball python bites you but does no damage.
The ball python constricts you.
You can move again.
There is a stone staircase leading up here.
You hit Grinder. Your touch misses Grinder.
Grinder is lightly wounded.
Grinder gestures at you. Pain shoots through your body!
The ball python bites you but does no damage.
The ball python constricts you. Grinder hits you but does no damage.
You closely miss Grinder.
Grinder is lightly wounded.
You block the ball python's attack. The ball python constricts you.
Grinder hits you.
* * * LOW HITPOINT WARNING * * *
You writhe in agony.
* * * LOW HITPOINT WARNING * * *
You closely miss Grinder.
Grinder is lightly wounded.
The ball python bites you.
You die...

...# .#
#...#.######
###.#.........
............
#........#
#........#
#........#
#...@....#
#...5S...#
#.....!..#
#........#
#........#
#........#
##########


You could see Grinder and a ball python.

Vanquished Creatures
  A worm (D:2)
  2 dart slugs (D:1)
  2 ball pythons (D:1)
  5 bats
  5 endoplasms
  2 goblins
  6 hobgoblins
  A frilled lizard (D:2)
  2 kobolds
  12 rats (D:1)
38 creatures vanquished.

Notes
Turn   | Place    | Note
-------+----------+-------------------------------------------
     0 | Abyss:1  | nickcage the Demonspawn Abyssal Knight began the quest for
                  | the Orb.
     0 | Abyss:1  | Reached XP level 1. HP: 18/18 MP: 2/2
     0 | D:1      | Escaped the Abyss
   150 | D:1      | Gained mutation: Your touch may inflict minor irresistible
                  | damage on your foes. [demonic ancestry]
   150 | D:1      | Reached XP level 2. HP: 24/24 MP: 4/4
   230 | D:1      | Reached * piety under Lugonu
   935 | D:2      | Gained mutation: You regenerate a little health from kills.
                  | [demonic ancestry]
   935 | D:2      | Reached XP level 3. HP: 27/29 MP: 5/5
  1233 | D:2      | Identified the +8 whip of Ykouter {holy, rC+}
  1441 | D:3      | Noticed a scorpion
  1463 | D:3      | Noticed Grinder
  1463 | D:3      | Paralysed by Grinder for 4 turns
  1469 | D:3      | Slain by a ball python

Illustrated notes

Levels and vault maps discovered:
D:1:      dpeg_arrival_long_road, layout_loops_ring, minmay_rat_gold_closets
D:2:      layout_rooms
D:3:      kennysheep_slugbush, layout_rooms, dk_yredelemnul_ordeal,
          kennysheep_cross_bottleneck, uniq_grinder

Skill      XL: |  1  2  3 |
---------------+----------+-----
Invocations    | 3 |  3.0
Long Blades    | 2 3 |  3.3
Fighting       | |  3.0
Armour         | |  1.7
Dodging        | |  0.8

Action                   || total
-------------------------++-------
Melee: Falchion          ||    83
       Touch             ||     9
       Punch             ||     3
Invok: Depart the Abyss  ||     1
 Stab: Sleeping          ||     3
Armor: Leather armour    ||    26
Dodge: Dodged            ||    45
Block: Other             ||     3
       Reflection        ||     1
